 Dungeon Crawl Stone Soup version 0.28.0-53-g5a82cb258f (webtiles) character file.

Game seed: 8546848403028262200

127 Holzbalken the Chopper (level 4, 0/33 HPs)
             Began as a Demonspawn Gladiator on May 29, 2022.
             Slain by Eustachio
             ... wielding a +0 falchion
              (8 damage)
             ... on level 4 of the Dungeon.
             The game lasted 00:08:07 (2630 turns).

Holzbalken the Chopper (Demonspawn Gladiator)       Turns: 2630, Time: 00:08:08

Health: 0/33       AC:  6    Str: 16      XL:     4   Next: 85%
Magic:  4/4        EV: 10    Int:  9      God:
Gold:   94         SH:  3    Dex: 10 (15) Spells: 3/3 levels left

rFire   . . .      SeeInvis .   a - +0 war axe
rCold   . . .      Faith    .   e - +0 buckler
rNeg    + . .      Spirit   .   h - +0 ring mail
rPois   .          Reflect  .   c - +0 helmet
rElec   .          Harm     .   (no cloak)
rCorr   .          Rampage  .   (no gloves)
Will    .....                   (no boots)
Stlth   ..........              (no amulet)
HPRegen 0.11/turn               g - ring of positive energy
MPRegen 0.09/turn               (no ring)

@: no status effects
A: powered by death 2
a: no special abilities


You were on level 4 of the Dungeon.
You visited 1 branch of the dungeon, and saw 4 of its levels.

You collected 94 gold pieces.

Inventory:

Hand Weapons
 a - a +0 war axe (weapon)
Missiles
 d - 3 throwing nets (quivered)
Armour
 b - a +0 leather armour
 c - a +0 helmet (worn)
 e - a +0 buckler (worn)
 h - a +0 ring mail (worn)
 o - a +0 chain mail
Jewellery
 g - a ring of positive energy (left hand)
 i - a ring of wizardry
Wands
 k - a wand of flame (20)
Scrolls
 j - a scroll of fear
Potions
 l - a potion of heal wounds
 m - a potion of degeneration {unknown}


   Skills:
 - Level 2.0 Fighting
 + Level 5.1 Axes
 - Level 1.7 Throwing
 - Level 2.6 Dodging


You had 3 spell levels left.
You didn't know any spells.
Your spell library contained the following spells:

 Spells                   Type           Power      Damage    Failure   Level
 Sting                    Tmut/Pois      0%         1d3       73%         1
 Poisonous Vapours        Pois/Air       0%         N/A       86%         2
 Olgreb's Toxic Radiance  Pois           0%         N/A       100%        4


Dungeon Overview and Level Annotations

Branches:
Dungeon (4/15)
 Temple: D:4-7

Altars:

Annotations:
D:4 Eustachio


Innate Abilities, Weirdness & Mutations

You regenerate health from kills.


Message History

You barely miss the bat. You block the bat's attack.
The bat hits you but does no damage. You block the bat's attack.
The bat hits you.
You hit Eustachio.
Eustachio is moderately wounded.
You barely miss the bat. The bat hits you but does no damage.
You block the bat's attack. Eustachio closely misses you.
The quokka barely misses you.
You barely miss Eustachio.
Eustachio is moderately wounded.
You closely miss the quokka. You barely miss the bat.
The bat hits you but does no damage. The bat barely misses you.
The quokka twitches its whiskers.
The quokka barely misses you. Eustachio hits you with a +0 falchion.
The quokka barely misses you.
You hit Eustachio.
Eustachio is moderately wounded.
You closely miss the bat. You barely miss the quokka.
The bat hits you but does no damage. x2; Eustachio hits you but does no damage.
You block the bat's attack. The quokka bites you.
The bat hits you but does no damage. Eustachio hits you but does no damage.
You barely miss Eustachio.
Eustachio is moderately wounded.
You closely miss the bat. You miss the bat. You barely miss the quokka.
The bat hits you but does no damage. x2; The bat closely misses you.
The bat hits you but does no damage. The quokka bites you.
Eustachio barely misses you. The quokka misses you.
You hit Eustachio.
Eustachio is moderately wounded.
You barely miss the quokka. You block the bat's attack.
The bat completely misses you. You block the quokka's attack.
Eustachio hits you with a +0 falchion.
* * * LOW HITPOINT WARNING * * *
The bat barely misses you.
You closely miss Eustachio.
Eustachio is moderately wounded.
You miss the bat. You closely miss the quokka.
The bat hits you but does no damage. The bat barely misses you.
The quokka barely misses you. Eustachio hits you with a +0 falchion!
You die...

...# #......# #+##
#......# ,,,* #......#
,,,* #......# ,,,*
#..†...# ,,,* #......#
,,,* #..(...# ,,,*
#.b....# ,,,* #b@....#
,,,* #.@r...# ,,<*
#......# ,,,* #......#
,,,* #......# ,,,*
#......# ,,,* #......#
,,,* ******#......#
,,,******,<,,,,,,,,,,*


You could see Eustachio, a quokka (summoned) and 2 bats.

Vanquished Creatures
  6 adders
  An adder skeleton (D:2)
  2 dart slugs
  An orc (D:3)
  5 endoplasms
  2 giant cockroaches
  6 goblins
  7 hobgoblins
  4 quokkas
  2 ball pythons
  13 bats
  5 frilled lizards
  6 kobolds
  3 rats (D:1)
63 creatures vanquished.

Notes
Turn   | Place    | Note
-------+----------+-------------------------------------------
     0 | D:1      | Holzbalken the Demonspawn Gladiator began the quest for the
                  | Orb.
     0 | D:1      | Reached XP level 1. HP: 16/16 MP: 1/1
    47 | D:1      | Reached skill level 3 in Axes
   282 | D:1      | Gained mutation: You regenerate a little health from kills.
                  | [demonic ancestry]
   282 | D:1      | Reached XP level 2. HP: 22/22 MP: 2/2
   668 | D:1      | Found a faded altar of an unknown god.
   766 | D:1      | Gained mutation: You regenerate health from kills. [demonic
                  | ancestry]
   766 | D:1      | Reached XP level 3. HP: 27/27 MP: 3/3
  1045 | D:2      | Reached skill level 4 in Axes
  1214 | D:2      | Reached XP level 4. HP: 24/33 MP: 4/4
  1955 | D:3      | Reached skill level 5 in Axes
  2601 | D:4      | Noticed Eustachio
  2630 | D:4      | Slain by Eustachio

Illustrated notes

Levels and vault maps discovered:
D:1:      dpeg_arrival_rooms_a, layout_loops_ring, basic_ecumenical_altar,
          st_stairs_10, hangedman_feature_mirror
D:2:      layout_rooms
D:3:      layout_basic, nicolae_elevator_lobby_plus
D:4:      layout_gridville, ebering_ghost_sewer_d, uniq_eustachio, uniq_grinder

Skill      XL: |  1  2  3  4 |
---------------+-------------+-----
Axes           | 3 4 5 |  5.1
Fighting       | |  2.0
Throwing       | |  1.7
Dodging        | |  2.6

Action                   |  1- 3 |  4- 6 || total
-------------------------+-------+-------++-------
Melee: War axe           |   111 |    87 ||   198
  Use: Scroll            |       |     5 ||     5
 Stab: Sleeping          |     2 |       ||     2
Armor: Leather armour    |    34 |       ||    34
       Ring mail         |    18 |    64 ||    82
       Skin              |     2 |       ||     2
Dodge: Dodged            |   106 |    90 ||   196
Block: Buckler           |    15 |    26 ||    41
